 Dungeon Crawl Stone Soup version 0.30-a0-937-ga0a21ad780 (webtiles) character file.

Game seed: 3417475390517971079

92 FexLirch the Sneak (level 4, -1/38 HPs)
             Began as a Ghoul Delver on Mar 24, 2023.
             Slain by a gnoll
             ... wielding a +0 halberd
              (11 damage)
             ... on level 6 of the Dungeon.
             The game lasted 00:01:24 (145 turns).

FexLirch the Sneak (Ghoul Delver)                    Turns: 145, Time: 00:01:24

Health: -1/38      AC:  3    Str: 17    XL:     4   Next: 60%
Magic:  3/3        EV: 11    Int:  5    God:
Gold:   20         SH:  0    Dex: 10    Spells: 3/3 levels left

rFire   . . .      SeeInvis .      - Unarmed
rCold   + . .      Faith    .    (no shield)
rNeg    + + +      Spirit   .    a - +0 leather armour
rPois   ∞          Reflect  .    (no helmet)
rElec   .          Rampage  .    (no cloak)
rCorr   .                        (no gloves)
Will    .....                    (no boots)
Stlth   +++                      (no amulet)
HPRegen 0.00/turn                (no ring)
MPRegen 0.08/turn                (no ring)

@: mighty, brilliant, inhibited regen
A: claws 1, cold resistance 1, negative energy resistance 3, inhibited
regeneration, torment resistance 2, devour on kill
a: no special abilities


You were on level 6 of the Dungeon.
You visited 1 branch of the dungeon, and saw 3 of its levels.

You collected 20 gold pieces.

Inventory:

Armour
 a - a +0 leather armour (worn)
Wands
 f - a wand of digging (3)
Scrolls
 b - a scroll of fog
 c - a scroll of magic mapping
 d - a scroll of fear
Potions
 e - a potion of might


   Skills:
 - Level 3.2 Fighting
 - Level 1.7 Dodging
 - Level 5.4 Stealth
 + Level 5.1 Unarmed Combat


You had 3 spell levels left.
You didn't know any spells.
Your spell library was empty.

Dungeon Overview and Level Annotations

Branches:
Dungeon (7/15)
 Temple: D:4-7

Altars:


Innate Abilities, Weirdness & Mutations

You are immune to poison.
You have sharp fingernails.
Your flesh is cold resistant. (rC+)
You are immune to negative energy. (rN+++)
You do not regenerate when monsters are visible.
You are immune to unholy pain and torment.
You thrive by killing the living.


Message History

You kill the gnoll!
Your Unarmed Combat skill increases to level 5!
You claw the shadow imp!
The shadow imp is almost dead.
You claw the shadow imp!
You kill the shadow imp!
A gnoll comes into view. It is wielding a +0 halberd.
Press: ? - help, v - describe, . - travel, g - get item Item here: a +3 spear.
The floor, spattered with blood.
Unknown command.
Okay, then.
Okay, then.
It was a potion of brilliance.
You feel clever all of a sudden.
You feel yourself slow down.
You don't know any spells.
Unknown command.
You hear the slow rusting of a very distant drain.
There is a stone staircase leading down here.
You climb downwards.
Found 2 orange potions.
There is a stone staircase leading up here.
Found a mace.
Found a quarterstaff.
e - 2 orange potions It was a potion of might.
You feel very mighty all of a sudden.
There is a stone staircase leading up here.
You climb upwards.
You hear the sound of rushing water.
There is an entrance to a sewer on this level.
Hurry and find it before the portal rusts away!
The gnoll barely misses you.
The gnoll hits you from afar with a +0 halberd!
* * * LOW HITPOINT WARNING * * *
There is a stone staircase leading down here.
The gnoll barely misses you.
You claw the gnoll!
The gnoll is severely wounded.
The gnoll hits you with a +0 halberd!
You die...

#..... #.......## ###...#.
##.#.#....# ........##
..........### .........#
#.#.........
#.##..##.########.##..#.####
#.##...............#..#.# .
#.##.#...########.......#
..####.##......########.#..#.#
...............g@>....#.#..#.#
...............######.#.#..#.#
..####.####...## #....#.#
..####.# ##.## #.##.< #.g.)).#
#.# #.# .## #.###).# #.# #.#
.# #..# #.. #.# #..# ### #...


You could see a gnoll.

Vanquished Creatures
  A scorpion (D:6)
  3 gnolls (D:6)
  A shadow imp (D:6)
5 creatures vanquished.

Notes
Turn   | Place    | Note
-------+----------+-------------------------------------------
     0 | D:5      | FexLirch the Ghoul Delver began the quest for the Orb.
     0 | D:5      | Reached XP level 1. HP: 19/19 MP: 0/0
    51 | D:6      | Noticed a scorpion
    61 | D:6      | Killed a scorpion
    62 | D:6      | Reached XP level 2. HP: 26/26 MP: 1/1
    62 | D:6      | Reached XP level 3. HP: 31/31 MP: 2/2
    99 | D:6      | Reached XP level 4. HP: 33/38 MP: 3/3
   108 | D:6      | Reached skill level 5 in Unarmed Combat
   145 | D:6      | Slain by a gnoll

Illustrated notes

Levels and vault maps discovered:
D:5:      layout_basic
D:6:      layout_loops_ring, portal_sewer_entry_e
D:7:      layout_cave_pools, grunt_temple_overflow_open,
          minmay_temple_entry_trees, feat_on_display

Skill      XL: |  1  2  3  4 |
---------------+-------------+-----
Unarmed Combat | 4 5 |  5.1
Fighting       | |  3.2
Dodging        | |  1.7
Stealth        | |  5.4

Action                     |  1- 3 |  4- 6 || total
---------------------------+-------+-------++-------
  Melee: Unarmed           |     9 |    11 ||    20
    Use: Potion            |     1 |     2 ||     3
   Stab: Sleeping          |     1 |       ||     1
 Armour: Leather armour    |     1 |     1 ||     2
  Dodge: Dodged            |     3 |     2 ||     5

Table legend: (Time is in decaauts)
 A = Elapsed time spent in this place.
 B = Non-inter-level travel time spent in this place.
 C = Inter-level travel time spent in this place.
 D = Time resting spent in this place.
 E = Time spent auto-exploring this place.
 F = Levels seen in this place.
 G = Mean time per level.
                   A        B        C        D        E       F      G
               +--------+--------+--------+--------+--------+-----+--------+
         Total |    125 |    125 |      0 |      0 |      0 |   3 |   41.7 |
       Dungeon |    125 |    125 |      0 |      0 |      0 |   3 |   41.7 |
               +--------+--------+--------+--------+--------+-----+--------+

Top non-repeatable levels by time:
     D:6: 107 daAuts
     D:7: 17 daAuts
     D:5: 1 daAuts
